Map: Oxide LE

Players

Solar - Winner!

  • Race: Zerg Zerg
  • League: Master
  • Spawn Location: 1:00

Rogue

  • Race: Zerg Zerg
  • Spawn Location: 7:00

Event: TSL 6

VOD

Have the link to the VOD?

Description

Time

  • Played on: Dec. 12, 2020, 12:54 p.m.
  • Length: 11:11

All games in this series

Show
View Real Time Build Order
Export as new Build Order

Solar Zerg - Winner!

Build Orders: Pool First 

Get SALT Encoding   

  12  0:17  Spawning Pool  
  11  0:22  Drone  
  11  0:27  Drone  
  13  0:31  Drone  
  14  0:39  Overlord  
  14  1:04  Zergling x4  
  16  1:05  Zergling x2  
  17  1:16  Zergling x2  
  18  1:20  Hatchery  
  17  1:26  Zergling x2  
  18  1:37  Zergling x2  
  19  1:42  Queen  
  21  1:49  Zergling x2  
  22  2:00  Spine Crawler  
  21  2:01  Overlord  
  21  2:10  Drone  
  22  2:19  Queen  
  24  2:24  Drone  
  25  2:32  Drone  
  25  2:34  Drone  
  23  2:41  Queen  
  22  2:46  Drone  
  23  2:52  Drone  
  23  2:54  Drone  
  23  2:56  Drone  
  26  2:59  Zergling x2  
  26  3:01  Extractor  
  26  3:05  Drone  
  27  3:10  Zergling x2  
  27  3:11  Drone  
  29  3:14  Drone  
  29  3:19  Overlord  
  30  3:22  Drone  
  30  3:26  Drone  
  32  3:29  Drone  
  32  3:32  Drone  
  32  3:33  Drone  
  34  3:37  Drone  
  34  3:39  Drone  
  36  3:46  Drone, Evolution Chamber  
  36  3:50  Drone  
  36  3:51  Drone  
  36  3:53  Drone  
  40  3:55  Drone  
  40  4:03  Metabolic Boost  
  40  4:04  Overlord  
  40  4:06  Drone  
  41  4:13  Roach Warren  
  41  4:15  Drone  
  41  4:16  Drone  
  41  4:18  Drone  
  42  4:26  Zergling x8  
  42  4:27  Zergling x2  
  42  4:29  Zergling x2  
  42  4:30  Zergling x2  
  49  4:37  Overlord x2  
  49  4:43  Zergling x6  
  52  4:45  Zerg Missile Weapons Level 1  
  52  4:49  Overlord  
  52  4:56  Zergling x8  
  56  5:06  Hatchery  
  55  5:07  Drone  
  55  5:08  Extractor  
  55  5:09  Drone  
  55  5:13  Drone x2  
  58  5:17  Drone x3  
  61  5:22  Overlord  
  61  5:24  Zergling x2  
  61  5:25  Zergling x2  
  63  5:30  Zergling x4  
  65  5:36  Drone  
  65  5:43  Drone  
  65  5:45  Lair  
  65  5:47  Roach x3  
  72  5:52  Extractor  
  72  5:56  Roach  
  73  6:00  Overlord, Roach  
  73  6:02  Roach  
  73  6:04  Overlord  
  77  6:06  Roach  
  79  6:13  Roach  
  79  6:14  Overlord  
  79  6:18  Roach  
  83  6:27  Roach x3  
  83  6:30  Zergling x10, Roach  
  83  6:31  Queen  
  83  6:43  Roach  
  83  6:44  Roach x2  
  78  6:50  Zergling x6, Glial Reconstitution  
  74  6:54  Roach  
  74  6:56  Roach  
  74  6:59  Roach  
  77  7:02  Roach  
  77  7:05  Roach  
  80  7:15  Roach x3  
  83  7:17  Drone x7  
  83  7:18  Drone  
  83  7:22  Extractor  
  90  7:24  Drone x4  
  90  7:25  Overseer  
  94  7:30  Drone x2  
  94  7:33  Extractor  
  95  7:37  Drone  
  95  7:39  Overlord  
  95  7:40  Zerg Missile Weapons Level 2  
  96  7:46  Roach x2  
  96  7:50  Roach  
  96  7:51  Roach  
  104  7:53  Overlord  
  104  7:55  Roach  
  104  7:56  Roach  
  108  8:00  Roach x2  
  108  8:02  Roach  
  116  8:05  Roach  
  116  8:06  Roach  
  116  8:09  Roach x2  
  122  8:13  Overlord  
  122  8:15  Drone x2  
  122  8:16  Roach  
  122  8:18  Roach  
  127  8:22  Overlord  
  127  8:23  Overlord  
  125  8:30  Roach x2  
  125  8:31  Roach  
  125  8:32  Roach  
  109  8:35  Roach  
  109  8:36  Roach  
  109  8:38  Roach  
  109  8:41  Roach  
  101  8:43  Roach  
  101  8:44  Roach  
  101  8:46  Roach  
  95  8:50  Roach x2  
  95  8:52  Roach  
  95  8:53  Roach  
  95  8:55  Roach  
  103  8:57  Roach  
  103  8:59  Roach  
  103  9:02  Ravager  
  108  9:06  Drone x4  
  108  9:07  Extractor  
  111  9:10  Spire  
  111  9:12  Roach  
  111  9:14  Roach  
  111  9:16  Roach  
  116  9:18  Roach  
  116  9:21  Queen  
  118  9:24  Roach  
  118  9:26  Roach  
  118  9:27  Roach  
  118  9:30  Roach  
  109  9:32  Roach  
  109  9:34  Roach  
  109  9:36  Roach  
  109  9:37  Roach  
  105  9:39  Roach  
  105  9:41  Roach  
  105  9:45  Queen  
  105  9:49  Roach x2  
  111  10:04  Overlord  
  111  10:07  Roach x3  
  111  10:08  Roach  
  111  10:09  Overseer  
  119  10:17  Hatchery  
  118  10:23  Mutalisk x3  
  118  10:24  Mutalisk x3  
  118  10:27  Mutalisk  
  132  10:33  Roach x3  
  138  10:36  Roach x2  
  138  10:41  Roach x2  
  146  10:44  Overlord  
  146  10:48  Roach x2  
  150  10:53  Ravager  
  150  10:54  Drone x3  
Show
View Real Time Build Order
Export as new Build Order

Rogue Zerg 

Build Orders: Hatch First 

Get SALT Encoding   

  12  0:00  Drone  
  13  0:12  Overlord  
  13  0:16  Drone  
  14  0:30  Drone x2  
  16  0:48  Hatchery  
  15  0:50  Drone  
  15  0:54  Drone  
  15  0:57  Drone  
  18  1:08  Extractor  
  17  1:12  Spawning Pool  
  17  1:15  Drone  
  17  1:19  Drone  
  18  1:28  Drone  
  19  1:59  Zergling x2  
  19  2:00  Zergling x4  
  19  2:01  Zergling x2, Queen x2  
  27  2:11  Zergling x2  
  27  2:12  Overlord  
  28  2:22  Zergling x2  
  28  2:31  Zergling x2  
  26  2:40  Drone  
  23  2:48  Drone  
  24  2:54  Drone x2  
  24  2:57  Drone  
  27  3:02  Drone  
  27  3:05  Drone  
  29  3:09  Overlord  
  29  3:15  Drone  
  29  3:16  Drone  
  31  3:20  Drone x2  
  31  3:22  Drone  
  31  3:26  Drone  
  35  3:29  Drone  
  35  3:32  Drone  
  35  3:34  Drone  
  38  3:38  Drone  
  39  3:47  Evolution Chamber  
  39  3:48  Metabolic Boost  
  38  3:50  Drone x3  
  38  3:53  Drone x2  
  43  3:57  Overlord  
  43  4:02  Drone  
  44  4:11  Roach Warren  
  44  4:15  Drone  
  44  4:16  Drone x2  
  46  4:21  Drone x4  
  46  4:22  Drone x2  
  46  4:23  Extractor  
  51  4:27  Zerg Missile Weapons Level 1  
  51  4:30  Overlord  
  51  4:34  Overlord  
  51  4:37  Extractor  
  50  4:44  Hatchery  
  49  4:49  Zergling x6  
  49  4:50  Zergling x2  
  49  4:51  Zergling x2  
  54  4:54  Zergling x4  
  54  4:59  Baneling Nest  
  55  5:02  Zergling x6  
  55  5:05  Zergling x2  
  55  5:06  Zergling x2  
  60  5:10  Lair  
  60  5:13  Zergling x2  
  61  5:19  Zergling x8  
  65  5:25  Zergling x2  
  65  5:30  Zergling x4, Overlord  
  65  5:35  Overlord  
  67  5:39  Zergling x2  
  67  5:41  Zergling x2  
  66  5:46  Baneling x2  
  66  5:48  Queen  
  68  5:51  Zergling x2  
  68  5:52  Zergling x6  
  68  5:56  Baneling x2  
  72  5:57  Zergling x4  
  72  6:02  Zergling x4  
  72  6:03  Baneling x4  
  76  6:06  Zergling x4  
  76  6:10  Zergling x4  
  80  6:17  Zergling x2  
  81  6:19  Zergling x2  
  81  6:20  Glial Reconstitution  
  81  6:21  Overlord  
  80  6:28  Zergling x8  
  80  6:29  Zergling x2  
  73  6:37  Roach x2  
  73  6:41  Roach  
  73  6:44  Roach  
  73  6:45  Roach  
  73  6:47  Zerg Missile Weapons Level 2  
  73  6:51  Roach x3  
  73  6:53  Roach x2  
  73  6:54  Roach  
  77  7:00  Roach x2  
  76  7:05  Roach, Ravager  
  76  7:07  Roach x2  
  76  7:08  Roach  
  82  7:16  Roach x3  
  88  7:23  Overlord x2  
  88  7:32  Extractor  
  88  7:33  Overlord  
  87  7:44  Roach  
  87  7:45  Roach x5  
  87  7:48  Roach x2  
  103  7:51  Roach  
  103  7:54  Roach  
  103  7:57  Ravager x2  
  109  7:59  Roach  
  109  8:02  Roach  
  113  8:07  Overlord x2  
  113  8:26  Roach x7  
  123  8:28  Roach  
  123  8:30  Roach  
  110  8:35  Roach  
  110  8:36  Roach  
  110  8:38  Roach  
  100  8:42  Roach  
  100  8:44  Roach  
  100  8:46  Roach  
  100  8:48  Roach  
  93  8:52  Roach  
  93  8:54  Drone x2  
  93  8:55  Drone  
  94  8:59  Roach x2  
  94  9:02  Drone  
  99  9:04  Roach  
  103  9:10  Roach  
  103  9:13  Roach x2  
  103  9:16  Roach x2  
  111  9:19  Roach  
  111  9:21  Roach  
  111  9:26  Roach  
  111  9:28  Roach  
  111  9:31  Roach  
  102  9:34  Roach  
  102  9:36  Drone x2  
  90  9:39  Roach  
  90  9:44  Roach x2  
  90  9:45  Roach  
  90  9:48  Drone x3  
  90  9:51  Roach x2  
  97  9:55  Roach  
  97  9:58  Ravager  
  100  10:01  Roach  
  100  10:02  Extractor  
  100  10:03  Roach  
  103  10:09  Drone x2  
  103  10:11  Drone x3  
  110  10:21  Roach x2  
  110  10:23  Drone x3  
  115  10:29  Extractor  
  115  10:30  Ravager  
  115  10:32  Roach  
  115  10:33  Roach x2  
  121  10:35  Overlord  
  121  10:41  Overlord  
  121  10:43  Drone  
  121  10:44  Overlord x3  
  122  10:51  Overlord  
Tags
 
Event
TSL 6
League
Master
Matchup
ZvZ
Race
Zerg
Spawn Locations
Cross Positions
Add a new tag
Caveats
  • Supply blocks, unpowered buildings, or Contaminate may cause inaccurate times.
  • Supply counts are checked every 10 seconds.